Map: Ruins of Seras

Players

Rinka

  • Race: Protoss Protoss
  • League: Grandmaster

Nice - Winner!

  • Race: Protoss Protoss

Event: DreamHack ZOWIE Open Leipzig

VOD

Have the link to the VOD?

Description

Time

  • Played on: Jan. 22, 2016, 9:46 a.m.
  • Length: 7:58

All games in this series

Show
View Real Time Build Order
Export as new Build Order

Rinka Protoss 

Build Orders:  

Get SALT Encoding   

  12  0:01  Probe (Chrono Boost)  
  13  0:11  Probe (Chrono Boost)  
  14  0:18  Pylon  
  14  0:23  Probe (Chrono Boost)  
  15  0:36  Probe (Chrono Boost)  
  15  0:37  Gateway  
  16  0:47  Probe (Chrono Boost)  
  17  0:50  Assimilator  
  17  0:53  Assimilator  
  17  0:57  Probe (Chrono Boost)  
  18  1:08  Probe (Chrono Boost)  
  19  1:15  Gateway  
  20  1:18  Probe (Chrono Boost)  
  20  1:28  Cybernetics Core  
  21  1:32  Probe (Chrono Boost)  
  21  1:40  Pylon  
  21  1:44  Probe (Chrono Boost)  
  22  1:55  Probe (Chrono Boost)  
  23  2:05  Adept x2  
  23  2:08  Warp Gate (Chrono Boost)  
  29  2:19  Pylon  
  27  2:24  Mothership Core  
  29  2:37  Stalker  
  29  2:40  Stalker  
  33  3:10  Nexus  
  33  3:19  Pylon  
  33  3:24  Pylon  
  33  3:40  Robotics Facility  
  29  3:52  Gateway  
  29  3:57  Stalker  
  31  4:05  Stalker  
  33  4:11  Probe (Chrono Boost)  
  34  4:24  Mothership Core (Chrono Boost)  
  34  4:26  Stalker  
  34  4:42  Probe (Chrono Boost)  
  34  4:43  Probe (Chrono Boost)  
  31  4:53  Probe x2 (Chrono Boost)  
  31  4:56  Sentry  
  31  4:57  Sentry  
  37  5:04  Probe x2 (Chrono Boost)  
  37  5:06  Sentry  
  43  5:14  Probe (Chrono Boost)  
  42  5:24  Zealot x2  
  42  5:27  Mothership Core (Chrono Boost)  
  46  5:30  Zealot  
  32  5:52  Zealot x3  
  36  6:05  Probe x2 (Chrono Boost)  
  36  6:12  Stalker  
  36  6:18  Stalker  
  36  6:26  Stalker  
  38  6:35  Zealot  
  37  6:41  Stalker  
  37  6:53  Stalker  
  35  6:57  Stalker  
  33  7:05  Stalker  
  28  7:17  Stalker  
  29  7:23  Stalker  
  24  7:39  Zealot  
  24  7:40  Zealot  
Show
View Real Time Build Order
Export as new Build Order

Nice Protoss - Winner!

Build Orders: Oracle Opening 

Get SALT Encoding   

  12  0:02  Probe (Chrono Boost)  
  13  0:12  Probe (Chrono Boost)  
  14  0:19  Pylon  
  14  0:23  Probe (Chrono Boost)  
  15  0:37  Probe (Chrono Boost)  
  15  0:39  Gateway  
  16  0:48  Probe (Chrono Boost)  
  17  0:51  Assimilator  
  17  0:54  Assimilator  
  17  0:59  Probe (Chrono Boost)  
  18  1:09  Probe (Chrono Boost)  
  18  1:10  Gateway  
  19  1:21  Probe (Chrono Boost)  
  20  1:28  Cybernetics Core  
  20  1:31  Probe (Chrono Boost)  
  21  1:38  Pylon  
  21  1:42  Probe (Chrono Boost)  
  22  1:52  Probe (Chrono Boost)  
  23  2:04  Stalker x2  
  23  2:05  Warp Gate (Chrono Boost)  
  29  2:16  Mothership Core  
  29  2:18  Pylon  
  29  2:49  Stargate  
  29  2:54  Stalker  
  29  2:55  Pylon  
  31  3:06  Stalker  
  33  3:14  Gateway  
  33  3:32  Oracle (Chrono Boost)  
  35  3:42  Probe  
  36  3:58  Pylon  
  36  4:01  Stalker  
  36  4:02  Stalker  
  40  4:09  Stalker  
  34  4:27  Stalker x2  
  38  4:37  Stalker  
  35  4:52  Stalker x2  
  39  4:56  Pylon  
  39  4:59  Stalker  
  41  5:24  Stalker x3  
  32  5:53  Stalker x3  
  34  6:20  Stalker x3  
  32  6:56  Stalker x3  
  30  7:41  Stalker x3  
  34  7:45  Probe  
  35  7:58  Pylon  

Tags
 
Add a new tag
Caveats
  • Supply blocks, unpowered buildings, or Contaminate may cause inaccurate times.
  • Supply counts are checked every 10 seconds.